 Dungeon Crawl Stone Soup version 0.30-a0-42-g806c11bf1d (webtiles) character file.

Game seed: 11119192883124903329

2547 flotson the Trooper (level 9, 0/69 HPs)
             Began as a Demonspawn Delver on Aug 29, 2022.
             Was an Initiate of Gozag.
             Slain by a five-headed hydra (1 damage)
             ... on level 8 of the Dungeon on Aug 30, 2022.
             The game lasted 00:09:35 (7223 turns).

flotson the Trooper (Demonspawn Delver)             Turns: 7223, Time: 00:09:36

Health: 0/69       AC: 11    Str: 18    XL:     9   Next: 30%
Magic:  9/9        EV: 14    Int: 13    God:    Gozag
Gold:   384        SH:  4    Dex: 16    Spells: 8/8 levels left

rFire   . . .      SeeInvis .    a - +8 hand axe of the Butterfly {flame, rN+ Int+2 Dex+2}
rCold   + . .      Faith    .    (no shield)
rNeg    + . .      Spirit   .    x - +2 scale mail {rC+}
rPois   .          Reflect  .    (helmet restricted)
rElec   .          Harm     .    d - +0 cloak
rCorr   .          Rampage  .    (no gloves)
Will    .....                    H - +0 pair of boots
Stlth   +.........               (no amulet)
HPRegen 0.21/turn                (no ring)
MPRegen 0.11/turn                (no ring)

@: gold aura, hasted, very quick
A: horns 1, repulsion field 1, condensation shield
a: Renounce Religion, Potion Petition, Call Merchant, Bribe Branch


You were on level 8 of the Dungeon.
You worshipped Gozag.
Gozag was aware of your devotion.
You visited 2 branches of the dungeon, and saw 9 of its levels.

You collected 497 gold pieces.
You paid 113 gold pieces to Gozag.

Inventory:

Hand Weapons
 a - the +8 hand axe of the Butterfly (weapon) {flame, rN+ Int+2 Dex+2}
   (You found it on level 4 of the Dungeon)

   It burns those it strikes, dealing additional fire damage.
   Big, fiery blades are also staple armaments of hydra-hunters.
   Int:       It affects your intelligence (+2).
   Dex:       It affects your dexterity (+2).
   rN:        It protects you from negative energy.
Missiles
 f - 2 throwing nets
 s - 2 silver boomerangs (quivered)
 v - 16 poisoned darts
 D - 2 javelins
Armour
 d - a +0 cloak (worn)
 x - a +2 scale mail of cold resistance (worn)
 H - a +0 pair of boots (worn)
Jewellery
 r - a ring of ice
 B - a ring of fire
Wands
 g - a wand of digging (1)
 j - a wand of polymorph (8)
 C - a wand of flame (12)
 I - a wand of light (10)
Scrolls
 b - 12 scrolls of teleportation {unknown}
 c - 2 scrolls of fog
 e - a scroll of silence {unknown}
 l - a scroll of enchant weapon {unknown}
 n - 2 scrolls of poison {unknown}
 o - 3 scrolls of magic mapping
 p - a scroll of blinking {unknown}
 t - 2 scrolls of vulnerability {unknown}
 u - 2 scrolls of identify {unknown}
 y - 2 scrolls of noise {unknown}
 A - 2 scrolls of amnesia {unknown}
 E - a scroll of summoning {unknown}
 G - a scroll of brand weapon {unknown}
Potions
 i - 3 potions of curing
 k - a potion of cancellation {unknown}
 m - 2 potions of ambrosia {unknown}
 q - a potion of mutation {unknown}
 w - a potion of magic {unknown}
 z - a potion of attraction {unknown}
 F - a potion of invisibility {unknown}
 J - a potion of degeneration {unknown}


   Skills:
 + Level 6.1 Fighting
 + Level 4.7 Axes
 + Level 4.3 Throwing
 + Level 4.6 Armour
 + Level 5.0 Dodging
 - Level 4.5 Stealth
 + Level 5.0 Evocations


You had 8 spell levels left.
You didn't know any spells.
Your spell library contained the following spells:

 Spells                   Type           Power      Damage    Failure   Level
 Slow                     Hex            0%         N/A       67%         1
 Poisonous Vapours        Pois/Air       0%         N/A       80%         2
 Confusing Touch          Hex            0%         N/A       95%         3
 Frozen Ramparts          Ice            0%         1d1       95%         3
 Vampiric Draining        Necr           0%         2d6       95%         3
 Ice Form                 Ice/Tmut       0%         N/A       100%        4
 Summon Ice Beast         Ice/Summ       0%         N/A       100%        4
 Corpse Rot               Necr/Pois/Air  Unusable   N/A       N/A         4

Dungeon Overview and Level Annotations

Branches:
Dungeon (8/15)             Temple (1/1) D:7
   Lair: D:8-11

Altars:
Dithmenos
Gozag
Nemelex Xobeh
Qazlal
Ru
Trog
Uskayaw
Vehumet
Wu Jian

Shops:
D:6 *


Innate Abilities, Weirdness & Mutations

You have a pair of small horns on your head.
You are surrounded by a mild repulsion field. (EV +2)
A meltable shield of frost defends you. (SH +4)


Message History

You burn the six-headed hydra. You headbutt the six-headed hydra.
The six-headed hydra is moderately wounded.
The six-headed hydra bites you.
The six-headed hydra closely misses you.
The six-headed hydra bites you but does no damage.
You block the six-headed hydra's attack.
The six-headed hydra misses you.
The six-headed hydra bites you but does no damage.
You lop one of the six-headed hydra's heads off!
The flame cauterises the wound!
You slash the five-headed hydra! You burn the five-headed hydra.
Your headbutt misses the five-headed hydra.
The five-headed hydra is heavily wounded.
The five-headed hydra bites you but does no damage.
The five-headed hydra bites you!
* * * LOW HITPOINT WARNING * * *
The five-headed hydra bites you but does no damage.
You block the five-headed hydra's attack.
The five-headed hydra bites you.
* * * LOW HITPOINT WARNING * * *
Okay, then.
Unknown command.
Okay, then.
You feel yourself speed up. The five-headed hydra misses you. x2
The five-headed hydra bites you.
* * * LOW HITPOINT WARNING * * *
The five-headed hydra closely misses you.
The five-headed hydra misses you.
Unknown command.
You barely miss the five-headed hydra. You headbutt the five-headed hydra.
The five-headed hydra is heavily wounded.
The five-headed hydra barely misses you.
The five-headed hydra bites you!
* * * LOW HITPOINT WARNING * * *
The five-headed hydra bites you.
* * * LOW HITPOINT WARNING * * *
The five-headed hydra closely misses you.
The five-headed hydra bites you.
You die...
Your body crumbles into a pile of gold.

#.# #.# #.#
#.# #.# #.#
#.# #.# #.#
#.# #.# ##.#
#.###.###.#
##...
#.........#
#....
##.#########
##... #8.8#
#######..
##'##
#.....#.# #@#
####.....
##D## ##.#.#
#+##...##+#
###..
#.........##
###
#..###+###..#
#.. ##..# ..
#..# . ...+
.##


You could see a five-headed hydra.

Vanquished Creatures
  Grinder (D:4)
  Sigmund (D:5)
  Edmund (D:5)
  3 black bears
  3 ice beasts
  A sky beast (D:8)
  A centaur (D:5)
  A kobold brigand (D:7)
  2 bullfrogs (D:8)
  A gnoll sergeant (D:6)
  2 scorpions
  4 wights (D:8)
  2 howler monkeys (D:7)
  The ghost of SirDiesAlot the Stinger, a weakling DEVM (D:5)
  3 hounds
  3 orc priests (D:7)
  2 gnoll boudas
  4 iguanas
  An orc wizard (D:5)
  6 adders
  16 gnolls
  A white imp (D:5)
  An ufetubus (D:7)
  A worm (D:4)
  3 dart slugs
  8 orcs
  6 ball pythons
  7 endoplasms
  A giant cockroach (D:1)
  5 goblins
  7 hobgoblins
  10 kobolds
  5 quokkas
  4 bats
  4 frilled lizards
  4 rats
126 creatures vanquished.

Vanquished Creatures (others)
  2 plants (D:5)
2 creatures vanquished.

Grand Total: 128 creatures vanquished

Notes
Turn   | Place    | Note
-------+----------+-------------------------------------------
     0 | D:5      | flotson the Demonspawn Delver began the quest for the Orb.
     0 | D:5      | Reached XP level 1. HP: 18/18 MP: 1/1
    19 | D:5      | Noticed a hound
    23 | D:5      | Noticed Edmund
    28 | D:5      | Killed a hound
    29 | D:5      | Reached skill level 1 in Armour
    29 | D:5      | Reached skill level 1 in Evocations
    29 | D:5      | Gained mutation: A meltable shield of frost defends you.
                  | (SH +4) [demonic ancestry]
    29 | D:5      | Reached XP level 2. HP: 18/24 MP: 2/2
    29 | D:5      | Gained mutation: You are surrounded by a mild repulsion
                  | field. (EV +2) [demonic ancestry]
    29 | D:5      | Reached XP level 3. HP: 21/29 MP: 3/3
  1170 | D:1      | Reached XP level 4. HP: 35/35 MP: 4/4
  1426 | D:1      | Found a faded altar of an unknown god.
  2871 | D:4      | Found a radiant altar of Vehumet.
  2877 | D:4      | Noticed a scorpion
  2893 | D:4      | Killed a scorpion
  2894 | D:4      | Reached XP level 5. HP: 19/42 MP: 5/5
  3094 | D:4      | Reached skill level 1 in Throwing
  3110 | D:4      | Identified the +8 hand axe of the Butterfly {flame, rN+
                  | Int+2 Dex+2}
  3147 | D:4      | Reached skill level 4 in Fighting
  3253 | D:4      | Noticed Grinder
  3269 | D:4      | Killed Grinder
  3270 | D:4      | Gained mutation: You have a pair of small horns on your
                  | head. [demonic ancestry]
  3270 | D:4      | Reached XP level 6. HP: 48/48 MP: 6/6
  3299 | D:4      | Found a bloodstained altar of Trog.
  3311 | D:4      | Reached XP level 7. HP: 44/55 MP: 7/7
  4166 | D:5      | Killed Edmund
  4168 | D:5      | Noticed Sigmund
  4700 | D:5      | Reached XP level 8. HP: 61/61 MP: 8/8
  4852 | D:5      | Found a runed translucent door.
  4854 | D:5      | Noticed SirDiesAlot's ghost (weakling DEVM)
  4871 | D:5      | Killed SirDiesAlot's ghost
  4872 | D:5      | Reached skill level 5 in Fighting
  5013 | D:5      | Killed Sigmund
  5578 | D:6      | Found Rirr's General Store.
  6321 | D:7      | Found a hide-covered altar of Uskayaw.
  6352 | D:7      | Found a sacrificial altar of Ru.
  6455 | D:7      | Found a shadowy altar of Dithmenos.
  6504 | D:7      | Found a staircase to the Ecumenical Temple.
  6513 | Temple   | Entered the Ecumenical Temple
  6519 | Temple   | Became a worshipper of Gozag Ym Sagoz the Greedy
  6586 | D:7      | Reached XP level 9. HP: 69/69 MP: 9/9
  7095 | D:8      | Reached skill level 6 in Fighting
  7163 | D:8      | Upgraded the game from 0.30-a0-40-gc6d0f036a7 to
                  | 0.30-a0-42-g806c11bf1d
  7171 | D:8      | Reached skill level 5 in Dodging
  7171 | D:8      | Reached skill level 5 in Evocations
  7206 | D:8      | Noticed an eight-headed hydra
  7223 | D:8      | HP: 2/69 [five-headed hydra (8)]
  7223 | D:8      | Slain by a five-headed hydra

Illustrated notes

Levels and vault maps discovered:
D:1:      arrival_zaba_pyramid, layout_loops_ring, shapermc_ecumenical_altar_gd
D:2:      layout_basic
D:3:      layout_loops_corners, bh_walls_and_bars
D:4:      layout_rooms, vehumet_crystals, trog_ov_bears_minmay, uniq_grinder
D:5:      layout_basic, elyvilon_altar_4, ebering_ghost_sewer_d,
          sigmund_edmund_badplayer
D:6:      layout_basic, nicolae_tso_carved_into_rock, serial_glass,
          glass_columns_a, glass_columns_a, glass_columns_a, glass_columns_c,
          serial_shops, nicolae_square_shop, uniq_sigmund
D:7:      layout_loops_ring, nicolae_overflow_hidden_temple,
          mainiacjoe_overflow_surrounded_room, lemuel_crystal_altar,
          minmay_temple_entry_large_hall, grunt_ministairs_14,
          chequers_serial_rivers_micro_d, serial_bayou_pond_a
D:8:      due_megacathedral, layout_loops_corners, mainiacjoe_overflow_24_doors,
          ebering_dispersal_statue_hall, chequers_serial_rivers_small_a,
          minmay_nine_imps
Temple:   eino_wide_crystal_templ

Skill      XL: |  1  2  3  4  5  6  7  8  9 |
---------------+----------------------------+-----
Armour         | 1 2 3 4 |  4.6
Dodging        | 2 3 4 5 |  5.0
Evocations     | 1 2 3 4 5 |  5.0
Axes           | 2 3 4 |  4.7
Throwing       | 1 2 4 |  4.3
Fighting       | 4 5 6 |  6.1
Stealth        | |  4.5

Action                   |  1- 3 |  4- 6 |  7- 9 || total
-------------------------+-------+-------+-------++-------
Melee: Hand axe          |     4 |    20 |   216 ||   240
       Punch             |     1 |       |     4 ||     5
       Halberd           |    59 |    67 |       ||   126
       Unarmed           |       |     8 |       ||     8
       Headbutt          |       |     2 |    42 ||    44
Evoke: Wand              |     1 |       |     1 ||     2
  Use: Potion            |     1 |       |     3 ||     4
       Scroll            |     2 |       |       ||     2
 Stab: Sleeping          |     7 |     6 |     1 ||    14
       Confused          |       |     1 |       ||     1
       Distracted        |       |       |     1 ||     1
Armor: Leather armour    |    15 |       |       ||    15
       Ring mail         |     2 |     6 |       ||     8
       Scale mail        |       |    29 |    67 ||    96
Dodge: Dodged            |    39 |    58 |   137 ||   234
Block: Other             |     8 |    16 |    47 ||    71

Table legend: (Time is in decaauts)
 A = Elapsed time spent in this place.
 B = Non-inter-level travel time spent in this place.
 C = Inter-level travel time spent in this place.
 D = Time resting spent in this place.
 E = Time spent auto-exploring this place.
 F = Levels seen in this place.
 G = Mean time per level.
                   A        B        C        D        E       F      G
               +--------+--------+--------+--------+--------+-----+--------+
         Total |   7279 |   7033 |    246 |    600 |   5301 |   9 |  808.8 |
       Dungeon |   7266 |   7026 |    240 |    600 |   5301 |   8 |  908.2 |
        Temple |     12 |      6 |      6 |      0 |      0 |   1 |   12.0 |
               +--------+--------+--------+--------+--------+-----+--------+

Top non-repeatable levels by time:
     D:4: 1406 daAuts
     D:5: 1230 daAuts
     D:7: 1069 daAuts
     D:2: 1040 daAuts
     D:3: 951 daAuts
     D:1: 744 daAuts
     D:6: 578 daAuts
     D:8: 246 daAuts
  Temple: 12 daAuts
